 Dungeon Crawl Stone Soup version 0.30.0-29-ga12c61a403 (webtiles) character file.

Game seed: 6719027818279321103

628 qw the Chopper (level 7, -2/44 HPs)
             Began as a Gargoyle Fighter on June 5, 2023.
             Slain by a gnoll sergeant
             ... wielding a +0 spear
              (4 damage)
             ... on level 5 of the Dungeon.
             The game lasted 00:01:53 (3454 turns).

qw the Chopper (Gargoyle Fighter)                   Turns: 3454, Time: 00:01:54

Health: -2/44      AC: 15    Str: 22    XL:     7   Next: 48%
Magic:  7/7        EV:  9    Int:  8    God:
Gold:   134        SH:  4    Dex:  9    Spells: 6/6 levels left

rFire   . . .        Y - +0 war axe
rCold   . . .        c - +0 buckler
rNeg    + . .        b - +0 scale mail
rPois   inf          n - +0 helmet
rElec   +            j - +0 cloak
rCorr   .            (no gloves)
SInv    .            l - +0 pair of boots
Will    .....        f - amulet of regeneration Stlth
                     (no ring)
HPRegen 1.07/turn    (no ring)
MPRegen 0.10/turn

%: no passive effects
@: about to teleport
A: sickness immunity, AC +4, negative energy resistance 1, electricity
resistance, torment resistance 1, petrification resistance
a: no special abilities


You were on level 5 of the Dungeon.
You visited 1 branch of the dungeon, and saw 5 of its levels.

You collected 134 gold pieces.


Innate Abilities, Weirdness & Mutations

You are immune to sickness and miasma.
Your stone body is resilient. (AC +4)
You are immune to poison.
You resist negative energy. (rN+)
You are resistant to electric shocks. (rElec)
You are resistant to unholy torment.
You are immune to petrification.


   Skills:
 - Level 4.3 Fighting
 + Level 6.7 Axes
 - Level 3.2 Armour
 - Level 1.4 Dodging
 - Level 3.2 Shields


You had 6 spell levels left.
You didn't know any spells.
Your spell library was empty.

Inventory:

Hand Weapons
 q - a +0 morningstar
 Y - a +0 war axe (weapon)
Armour
 b - a +0 scale mail (worn)
 c - a +0 buckler (worn)
 j - a +0 cloak (worn)
 l - a +0 pair of boots (worn)
 m - a +0 chain mail
 n - a +0 helmet (worn)
Jewellery
 f - an amulet of regeneration (around neck)
 p - a ring of fire
Scrolls
 o - a scroll of identify
Potions
 d - 3 potions of might
 e - a potion of haste
 g - a potion of curing
 h - a potion of lignification
 i - 2 potions of attraction
 k - a potion of resistance
 s - a potion of brilliance {unknown}

Dungeon Overview and Level Annotations

Branches:
Dungeon (5/15)
 Temple: D:4-7

Altars:
Ru
Uskayaw
Wu Jian
Xom

Annotations:
D:3 2 transporters, qw's ghost, amateur GrFi


Message History

The gnoll sergeant closely misses you. You block the gnoll's attack.
A gnoll comes into view. It is wielding a +0 halberd.
The gnoll sergeant hits you from afar with a +0 spear.
The gnoll barely misses you.
You closely miss the gnoll.
The gnoll throws a throwing net.
The throwing net hits you.
You become entangled in the net!
The gnoll sergeant hits you from afar with a +0 spear.
You tear a large gash into the net.
The gnoll hits you but does no damage.
The gnoll sergeant hits you but does no damage.
The gnoll hits you but does no damage.
You struggle against the net.
The gnoll hits you but does no damage.
The gnoll sergeant hits you from afar with a +0 spear.
The gnoll closely misses you.
You shred the net and break free! You block the gnoll's attack.
The gnoll sergeant hits you but does no damage.
The gnoll hits you from afar with a +0 halberd!
You barely miss the gnoll.
The gnoll sergeant hits you but does no damage.
The gnoll hits you with a +0 halberd. The gnoll barely misses you.
You slash the gnoll!
You kill the gnoll!
The gnoll sergeant hits you but does no damage.
You block the gnoll's attack. The gnoll closely misses you.
The gnoll hits you but does no damage. You block the gnoll sergeant's attack.
The gnoll hits you with a +0 halberd.
3453 ||| READING scroll of teleportation.
As you read the scroll of teleportation, it crumbles to dust.
You feel strangely unstable. The gnoll hits you but does no damage.
The gnoll barely misses you.
The gnoll hits you from afar with a +0 spear.
The gnoll sergeant hits you with a +0 spear!
You hit the gnoll sergeant but do no damage.
You hit the gnoll. The gnoll closely misses you.
The gnoll sergeant hits you with a +0 spear.
You die...

... .....# # #.. .#
##. #....#
...#.g###.##.#######
#...ggg#..........#
## #@#..........# #.
#).).........# . .##
###..........# ..
..## #..........#
... #..#####
#........$.# ....
#......#
#..........# .....
#<.....#
#..........#
......##......#
#..........#
..........#####
#..........#


You could see a gnoll sergeant and 3 gnolls.

Vanquished Creatures
  A water moccasin (D:4)
  Edmund (D:4)
  A phantom (D:4)
  Blork the orc (D:4)
  2 orc priests (D:5)
  2 hounds (D:4)
  An orc wizard (D:5)
  3 gnolls
  2 adders
  A worm (D:3)
  A dart slug (D:1)
  2 orcs (D:5)
  10 ball pythons
  11 endoplasms
  4 giant cockroaches
  4 goblins
  10 hobgoblins
  8 jackals
  4 quokkas
  5 bats
  3 frilled lizards
  6 kobolds
  4 rats
87 creatures vanquished.

Notes
Turn   | Place    | Note
-------+----------+-------------------------------------------
     0 | D:1      | qw the Gargoyle Fighter began the quest for the Orb.
     0 | D:1      | Reached XP level 1. HP: 14/14 MP: 1/1
     0 | D:1      | 0 ||| qw: Version: 0.2-a-108-gee2c290
     0 | D:1      | 0 ||| qw: Game counter: 1473
     0 | D:1      | 0 ||| qw: Always use a shield: true
     0 | D:1      | 0 ||| qw: God list: Okawaru
     0 | D:1      | 0 ||| qw: Allow faded altars: false
     0 | D:1      | 0 ||| qw: Do Orc after D:15 true
     0 | D:1      | 0 ||| qw: Do second Lair branch before Depths: true
     0 | D:1      | 0 ||| qw: Lair rune preference: random
     0 | D:1      | 0 ||| qw: Plans: Normal, Zot:1-4, Slime:5, God:TSO, Crypt,
                  | Tomb, Abyss, Pan, Hells, Win
     0 | D:1      | 0 ||| PLANNING D:1-11
    75 | D:1      | Reached skill level 2 in Axes
   126 | D:1      | Reached XP level 2. HP: 19/19 MP: 2/2
   309 | D:1      | Reached skill level 3 in Axes
   316 | D:1      | Reached XP level 3. HP: 23/23 MP: 3/3
   451 | D:1      | 451 ||| Stepping ~*~*~tactically~*~*~ (hiding).
   454 | D:1      | 454 ||| Stepping ~*~*~tactically~*~*~ (hiding).
   561 | D:1      | Found a faded altar of an unknown god.
   633 | D:1      | 633 ||| Stepping ~*~*~tactically~*~*~ (stealth).
   634 | D:1      | 634 ||| Stepping ~*~*~tactically~*~*~ (stealth).
   635 | D:1      | 635 ||| Stepping ~*~*~tactically~*~*~ (stealth).
   784 | D:1      | 784 ||| UPGRADING to +0 pair of boots.
   789 | D:1      | 789 ||| DROPPING +6 ring of intelligence.
   790 | D:1      | 790 ||| READING 2 scrolls labelled HUYMUEMAFO.
   794 | D:1      | 794 ||| READING scroll labelled VAKOOXIEMI.
   795 | D:1      | 795 ||| READING scroll labelled DEREIL XOCHY.
   916 | D:2      | 916 ||| Stepping ~*~*~tactically~*~*~ (stealth).
  1299 | D:2      | Reached XP level 4. HP: 28/28 MP: 4/4
  1548 | D:2      | 1548 ||| DROPPING +0 whip.
  1558 | D:2      | Found a sacrificial altar of Ru.
  1822 | D:2      | 1822 ||| DRINKING 2 coppery potions.
  1859 | D:3      | Found a shimmering altar of Xom.
  1928 | D:3      | Found an ornate altar of the Wu Jian Council.
  1990 | D:3      | Found a transporter.
  1990 | D:3      | Noticed qw's ghost (amateur GrFi)
  2011 | D:3      | Reached skill level 4 in Axes
  2014 | D:3      | 2014 ||| Stepping ~*~*~tactically~*~*~ (stealth).
  2264 | D:3      | 2264 ||| DROPPING +1 whip of venom.
  2299 | D:3      | Found a transporter.
  2440 | D:3      | 2440 ||| UPGRADING to +0 cloak.
  2445 | D:3      | 2445 ||| UPGRADING to +0 helmet.
  2450 | D:3      | 2450 ||| DRINKING 2 fuming clear potions.
  2494 | D:4      | Noticed a phantom
  2521 | D:4      | Killed a phantom
  2522 | D:4      | Reached skill level 5 in Axes
  2522 | D:4      | Reached XP level 5. HP: 21/32 MP: 5/5
  2641 | D:4      | Reached XP level 6. HP: 29/39 MP: 6/6
  2701 | D:4      | Noticed Blork the orc
  2713 | D:4      | Killed Blork the orc
  2714 | D:4      | Reached skill level 1 in Dodging
  2850 | D:4      | Noticed a water moccasin
  2862 | D:4      | Killed a water moccasin
  2937 | D:4      | Found a hide-covered altar of Uskayaw.
  2972 | D:4      | Noticed Edmund
  2984 | D:4      | Killed Edmund
  2985 | D:4      | Reached skill level 6 in Axes
  2985 | D:4      | Reached XP level 7. HP: 13/44 MP: 7/7
  3101 | D:4      | 3101 ||| DROPPING +0 flail.
  3248 | D:4      | 3248 ||| UPGRADING to amulet of regeneration.
  3253 | D:4      | 3253 ||| DROPPING amulet of the acrobat.
  3254 | D:4      | 3254 ||| READING 3 scrolls labelled CIAPNU WOUSM.
  3255 | D:4      | 3255 ||| READING scroll labelled JEUNIJ DEOG.
  3356 | D:4      | 3356 ||| READING scroll labelled IRIQUD NEXOLIL.
  3357 | D:4      | 3357 ||| DRINKING 2 glowing grey potions.
  3358 | D:4      | 3358 ||| DRINKING 3 golden potions.
  3359 | D:4      | 3359 ||| READING 2 scrolls of identify.
  3359 | D:4      | 3359 ||| IDENTIFYING bubbling coppery potion
  3379 | D:5      | Entered Level 5 of the Dungeon
  3398 | D:5      | 3398 ||| Stepping ~*~*~tactically~*~*~ (hiding).
  3427 | D:5      | 3427 ||| DROPPING +2 heavy flail.
  3452 | D:5      | HP: 10/44 [gnoll/+0 halberd[a gnoll sergeant] (4)]
  3453 | D:5      | 3453 ||| READING scroll of teleportation.
  3453 | D:5      | HP: 1/44 [gnoll sergeant/+0 spear (8)]
  3454 | D:5      | Slain by a gnoll sergeant

Levels and vault maps discovered:
D:1:      lemuel_arrival_hallway, layout_loops_ring,
          dreamdust_ecumenical_altar_grove
D:2:      layout_loops_corners, serial_forest, infiniplex_forest_lined_3_way,
          infiniplex_forest_clump_small, infiniplex_forest_lined_4_way,
          infiniplex_forest_clump_C, infiniplex_forest_end_3,
          infiniplex_forest_end_1, infiniplex_forest_clump_diagonal,
          basic_altar, kennysheep_small_spiral
D:3:      layout_basic, xom_teletrap_fun, lemuel_round_altar,
          gammafunk_ghost_mausoleum, feat_on_display
D:4:      cheibrodos_quashed, layout_rooms, marbit_many_paths,
          chequers_serial_rivers_room_a, abandoned_shop,
          chequers_serial_rivers_room_b, cheibrodos_gnoll_hut,
          uniq_blork_the_orc, uniq_edmund
D:5:      layout_rooms, minmay_temple_entry_butterflies

Skill      XL: |  1  2  3  4  5  6 |
---------------+-------------------+-----
Axes           | 2 3 5 6 |  6.7
Fighting       | 4 |  4.3
Dodging        | 1 |  1.4
Armour         | |  3.2
Shields        | |  3.2

Action                     |  1- 3 |  4- 6 |  7- 9 || total
---------------------------+-------+-------+-------++-------
  Melee: War axe           |    99 |   162 |    32 ||   293
  Throw: Boomerang         |       |    32 |       ||    32
    Use: Scroll            |     3 |       |     5 ||     8
         Potion            |       |     2 |     2 ||     4
 Armour: Scale mail        |    52 |    89 |    22 ||   163
  Dodge: Dodged            |    40 |    65 |    21 ||   126
  Block: Buckler           |    23 |    27 |     5 ||    55

Table legend:
 A = Non-vault XP
 B = Vault XP
 C = Vault XP percentage of total XP
 D = Non-vault monster count
 E = Vault monster count
 F = Vault count percentage of total count
                 A         B        C        D         E       F
            +---------+---------+-------+---------+---------+-------
      Total |     562 |     336 |  37.4 |      81 |       6 |   6.9
            +---------+---------+-------+---------+---------+-------
        D:1 |      50 |       0 |   0.0 |      29 |       0 |   0.0
        D:2 |      42 |       0 |   0.0 |      17 |       0 |   0.0
        D:3 |      42 |       0 |   0.0 |      18 |       0 |   0.0
        D:4 |     276 |     336 |  54.9 |       9 |       6 |  40.0
        D:5 |     152 |       0 |   0.0 |       8 |       0 |   0.0
            +---------+---------+-------+---------+---------+-------
